 Dungeon Crawl Stone Soup version 0.29.1-1-gd02db6906a (webtiles) character file.

Game seed: 3597656076242849256

2585 raph the Stinger (level 9, 0/66 (68) HPs)
             Began as a Black Draconian Venom Mage on Oct 3, 2022.
             Was a Follower of Sif Muna.
             Shot with a bolt by an orc warrior (24 damage)
             ... on level 7 of the Dungeon.
             The game lasted 00:16:09 (10750 turns).

raph the Stinger (Black Draconian Venom Mage)      Turns: 10750, Time: 00:16:10

HP:   0/66 (68)     AC:  8    Str:  8    XL:     9   Next: 32%
MP:   14/25         EV: 16    Int: 20    God:    Sif Muna [*.....]
Gold: 411           SH:  4    Dex: 10    Spells: 4/17 levels left

rFire   + + +      SeeInvis .   s - +0 morningstar
rCold   . . .      Faith    .   p - +0 buckler
rNeg    . . .      Spirit   .   (body armour unavailable)
rPois   .          Reflect  .   (helmet restricted)
rElec   +          Harm     .   (no cloak)
rCorr   .          Rampage  .   f - +0 pair of gloves
Will    .....                   (no boots)
Stlth   ++........              (no amulet)
HPRegen 0.21/turn               k - ring of Huymeit {rF+++ MP+9 Str-2 Dex-2}
MPRegen 0.19/turn               q - +4 ring of evasion

@: lightly drained
A: breathe lightning, AC +7, unfitting armour, electricity resistance,
cold-blooded
a: Breathe Lightning, Renounce Religion, Channel Magic


You were on level 7 of the Dungeon.
You worshipped Sif Muna.
Sif Muna was aware of your devotion.
You visited 2 branches of the dungeon, and saw 8 of its levels.

You collected 411 gold pieces.

Inventory:

Hand Weapons
 c - a +0 dagger
 h - a +3 hand axe
 s - a +0 morningstar (weapon)
Missiles
 u - 2 javelins
 z - a throwing net
Armour
 f - a +0 pair of gloves (worn)
 p - a +0 buckler (worn)
Jewellery
 k - the ring of Huymeit (left hand) {rF+++ MP+9 Str-2 Dex-2}
   (You found it on level 2 of the Dungeon)

   [ring of magical power]

   Str:       It affects your strength (-2).
   Dex:       It affects your dexterity (-2).
   rF:        It renders you almost immune to fire.
   MP:        It affects your magic capacity (+9).
 l - a ring of fire
 q - a +4 ring of evasion (right hand)
 A - a ring of resist corrosion
Wands
 w - a wand of iceblast (13)
Scrolls
 b - 3 scrolls of teleportation
 j - 3 scrolls of blinking
 v - a scroll of silence
Potions
 a - 3 potions of magic
 d - 4 potions of curing
 e - 4 potions of lignification
 g - a potion of heal wounds
 i - 5 potions of flight
 m - 2 potions of attraction
 n - a potion of might
 o - a potion of brilliance
 r - a potion of haste
 t - a potion of berserk rage
 x - a potion of mutation


   Skills:
 + Level 2.7 Fighting
 + Level 0.2 Maces & Flails
 + Level 4.7 Dodging
 + Level 1.9 Stealth
 - Level 3.9 Shields
 + Level 4.7 Spellcasting
 + Level 4.5 Conjurations
 + Level 1.3 Summonings
 - Level 1.0 Transmutations
 - Level 3.6 Air Magic
 * Level 7.8 Poison Magic
 * Level 0.6 Invocations


You had 4 spell levels left.
You knew the following spells:

 Your Spells              Type           Power      Damage    Failure   Level
a - Sting                 Tmut/Pois      88%        1d7       2%          1
b - Poisonous Vapours     Pois/Air       54%        N/A       2%          2
c - Magic Dart            Conj           88%        1d7       2%          1
d - Mephitic Cloud        Conj/Pois/Air  26%        N/A       4%          3
e - Olgreb's Toxic Radia  Pois           35%        N/A       6%          4
f - Call Imp              Summ           10%        N/A       13%         2

Your spell library contained the following spells:

 Spells                   Type           Power      Damage    Failure   Level
 Summon Small Mammal      Summ           40%        N/A       9%          1
 Apportation              Tloc           8%         N/A       16%         1
 Necrotise                Necr           16%        1d4       16%         1
 Gell's Gravitas          Tloc           4%         N/A       41%         3
 Lesser Beckoning         Tloc           4%         N/A       41%         3
 Teleport Other           Tloc           4%         N/A       41%         3


Dungeon Overview and Level Annotations

Branches:
Dungeon (7/15)             Temple (1/1) D:5

Altars:
Ashenzari
Elyvilon
Fedhas
Gozag
Hepliaklqana
Makhleb
Nemelex Xobeh
Okawaru
Qazlal
Ru
Sif Muna
Trog
Uskayaw
Vehumet
Wu Jian
Xom
Yredelemnul
Zin
The Shining One

Annotations:
D:4 1 exclusion
D:5 3 runed translucent doors, EvilAshe's ghost, novice FoAM; brudda's ghost, amateur FeSu


Innate Abilities, Weirdness & Mutations

You can breathe wild blasts of lightning.
Your glossy black scales are hard. (AC +7)
You cannot fit into any form of body armour.
You are resistant to electric shocks. (rElec)
You are cold-blooded and may be slowed by cold attacks.


Message History

The black bear looks even sicker.
The orc warrior unwields a +0 scimitar.
The orc warrior wields a +0 arbalest.
The orc warrior shoots a bolt.
The bolt barely misses you.
The electric eel shoots out a bolt of lightning at you!
The bolt of electricity hits you. You resist.
You hear a shout!
Your toxic aura wanes.
There is a stone staircase leading up here.
Casting: Olgreb's Toxic Radiance (dangerous; 6% risk of failure)
Confirm with . or Enter, or press ? or * to list all spells.
Aiming: Poisonous Vapours (safe; 2% risk of failure)
Press: ? - help, Dir - move target, f - orc priest
Aim: an orc priest, wielding a +1 hand axe of electrocution and wearing a +0 ring mail (heavily wounded, poisoned) Poisonous vapours surround the orc priest!
The orc priest looks even sicker.
The orc warrior shoots a bolt.
The bolt hits you!!
Casting: Poisonous Vapours (safe; 2% risk of failure)
Confirm with . or Enter, or press ? or * to list all spells.
Aiming: Poisonous Vapours (safe; 2% risk of failure)
Press: ? - help, Dir - move target, f - orc warrior, p - orc priest
Aim: an orc warrior, wielding a +0 arbalest and wearing a +0 plate armour (lightly wounded, poisoned) Poisonous vapours surround the orc warrior!
The orc warrior looks even sicker.
The orc warrior shoots a bolt.
The bolt hits you!!
An orc wizard comes into view. It is wielding a +0 dagger.
Casting: Poisonous Vapours (safe; 2% risk of failure)
Confirm with . or Enter, or press ? or * to list all spells.
You begin to radiate toxic energy.
The orc priest looks as sick as possible!
The orc wizard is poisoned.
The electric eel looks even sicker.
The orc warrior looks as sick as possible!
You kill the orc priest!
Sif Muna accepts your kill.
The orc warrior shoots a bolt.
The bolt misses you.
The orc wizard gestures at you while chanting.
The magic dart hits you.
The orc warrior looks as sick as possible!
Your toxic aura wanes.
The orc warrior shoots a bolt.
The bolt hits you!!
You die...

#.....
#..oo#
#.... #...#
#)..# ≈
#...# #≈≈
##...##≈≈≈≈
#...5.~S≈≈#
#@#...###≈
#.#5....#
#.#........
#.#....h...
#.######...
#.# .. #.#
z #..


You could see an orc warrior (extremely poisoned), an electric eel (very
poisoned), an orc wizard (poisoned) and a shadow imp.

Vanquished Creatures
  Grinder (D:6)
  Eustachio (D:6)
  A water moccasin (D:5)
  Duvessa (D:6)
  A sky beast (D:4)
  2 ogres (D:6)
  A black bear (D:6)
  A phantom (D:6)
  2 bullfrogs
  Blork the orc (D:6)
  2 necrophages
  3 scorpions
  3 gnoll sergeants (D:6)
  4 wights
  Dowan (D:6)
  4 hounds
  An orc priest (D:7)
  2 jellies
  2 gnoll boudas
  2 iguanas
  3 orc wizards
  Robin (D:2)
  10 gnolls
  9 adders
  A shadow imp (D:5)
  A dart slug (D:2)
  7 orcs
  8 ball pythons
  7 bats
  5 endoplasms
  A giant cockroach (D:1)
  12 goblins
  12 hobgoblins
  5 jackals
  4 kobolds
  7 quokkas
  3 frilled lizards
  6 rats
138 creatures vanquished.

Vanquished Creatures (others)
  6 withered plants (D:5)
6 creatures vanquished.

Grand Total: 144 creatures vanquished

Notes
Turn   | Place    | Note
-------+----------+-------------------------------------------
     0 | D:1      | raph the Draconian Venom Mage began the quest for the Orb.
     0 | D:1      | Reached XP level 1. HP: 14/14 MP: 3/3
   663 | D:1      | Reached XP level 2. HP: 20/20 MP: 0/5
  1130 | D:1      | Learned a level 2 spell: Poisonous Vapours
  1153 | D:1      | Reached skill level 4 in Poison Magic
  1380 | D:1      | Reached XP level 3. HP: 26/26 MP: 4/6
  1547 | D:1      | Learned a level 1 spell: Magic Dart
  1788 | D:2      | Identified the ring of Huymeit {rF+++ MP+9 Str-2 Dex-2}
  2046 | D:2      | Noticed Robin
  2339 | D:2      | Killed Robin
  2340 | D:2      | Reached XP level 4. HP: 31/33 MP: 7/7
  2409 | D:2      | Reached skill level 1 in Conjurations
  2604 | D:2      | Learned a level 3 spell: Mephitic Cloud
  2638 | D:2      | Found a faded altar of an unknown god.
  4293 | D:4      | Noticed a scorpion
  4298 | D:4      | Killed a scorpion
  4299 | D:4      | Reached XP level 5. HP: 38/38 MP: 9/9
  4952 | D:4      | Noticed a sky beast
  4971 | D:4      | Killed a sky beast
  4972 | D:4      | Reached skill level 1 in Shields
  4972 | D:4      | Reached skill level 5 in Poison Magic
  4972 | D:4      | Reached XP level 6. HP: 29/45 MP: 6/10
  5083 | D:4      | Learned a level 4 spell: Olgreb's Toxic Radiance
  5093 | D:4      | Noticed a steam dragon
  5621 | D:5      | Entered Level 5 of the Dungeon
  5799 | D:5      | Found a runed translucent gate.
  5800 | D:5      | Found a runed translucent gate.
  5802 | D:5      | Found a runed translucent gate.
  5803 | D:5      | Noticed brudda's ghost (amateur FeSu)
  5804 | D:5      | Noticed EvilAshe's ghost (novice FoAM)
  6216 | D:5      | Your scales start taking on a glossy black colour.
  6216 | D:5      | Reached XP level 7. HP: 44/50 MP: 12/12
  6216 | D:5      | Gained mutation: You are resistant to electric shocks.
                  | (rElec) [Black Draconian growth]
  6576 | D:5      | Reached skill level 1 in Air Magic
  6633 | D:5      | Found a staircase to the Ecumenical Temple.
  6642 | Temple   | Entered the Ecumenical Temple
  6685 | Temple   | Became a worshipper of Sif Muna the Loreminder
  7311 | D:6      | Reached skill level 6 in Poison Magic
  8004 | D:6      | Noticed Dowan
  8012 | D:6      | Killed Dowan
  8330 | D:6      | Reached XP level 8. HP: 47/57 MP: 13/13
  8386 | D:6      | Noticed Duvessa
  8409 | D:6      | Killed Duvessa
  8713 | D:6      | Reached skill level 1 in Fighting
  8946 | D:6      | Noticed Grinder
  8950 | D:6      | Reached skill level 7 in Poison Magic
  8974 | D:6      | Killed Grinder
  9208 | D:6      | Reached * piety under Sif Muna
  9252 | D:6      | Reached XP level 9. HP: 67/67 MP: 13/15
  9255 | D:6      | Learned a level 2 spell: Call Imp
  9766 | D:6      | Noticed Blork the orc
  9780 | D:6      | Killed Blork the orc
 10014 | D:6      | Noticed Eustachio
 10034 | D:6      | Killed Eustachio
 10035 | D:6      | Reached skill level 1 in Summonings
 10478 | D:7      | Identified the +1 quarterstaff "Hegiv" {vamp, rPois rF+
                  | Str+8 Dex-2}
 10750 | D:7      | Shot with a bolt by an orc warrior

Illustrated notes

Levels and vault maps discovered:
D:1:      dpeg_arrival_chambers_temple_mockup, layout_basic, minmay_vboxes
D:2:      layout_loops_ring, ebering_ecumenical_altar_mist, uniq_robin
D:3:      layout_loops_ring, minmay_bisected
D:4:      minmay_chambers_of_fours, layout_loops_ring
D:5:      layout_gridville, minmay_temple_entry_arrows, gammafunk_ghost_cemetery
D:6:      layout_basic, sword_in_stone, uniq_duvessa, uniq_grinder
D:7:      layout_loops_ring, slow_altar_1, minivault_4
Temple:   hellmonk_temple_of_storms

Skill      XL: |  1  2  3  4  5  6  7  8  9 |
---------------+----------------------------+-----
Poison Magic   | 4 5 6 7 |  7.8
Dodging        | 2 3 4 |  4.7
Conjurations   | 1 2 3 4 |  4.5
Shields        | 1 2 3 |  3.9
Spellcasting   | 3 4 |  4.7
Air Magic      | 2 3 |  3.6
Fighting       | 2 |  2.7
Summonings     | 1 |  1.3
Maces & Flails | |  0.2
Stealth        | |  1.9
Transmutations | |  1.0
Invocations    | |  0.6

Action                   |  1- 3 |  4- 6 |  7- 9 || total
-------------------------+-------+-------+-------++-------
Melee: Dagger            |    14 |       |       ||    14
       Tailslap          |     2 |     2 |    15 ||    19
       Punch             |     1 |       |       ||     1
       Hand axe          |    15 |    13 |       ||    28
       Morningstar       |       |    15 |   129 ||   144
 Cast: Sting             |    49 |    77 |    55 ||   181
       Poisonous Vapours |    10 |    30 |    10 ||    50
       Magic Dart        |     5 |     4 |    58 ||    67
       Olgreb's Toxic Ra |       |     4 |    24 ||    28
       Mephitic Cloud    |       |       |    13 ||    13
       Call Imp          |       |       |     1 ||     1
Evoke: Wand              |       |       |     2 ||     2
  Use: Scroll            |     5 |     8 |     4 ||    17
       Potion            |       |       |     1 ||     1
 Stab: Sleeping          |       |       |     1 ||     1
       Distracted        |       |       |     1 ||     1
       Confused          |       |       |     1 ||     1
Armor: Skin              |    26 |    22 |    48 ||    96
Dodge: Dodged            |    49 |    57 |   157 ||   263
Block: Buckler           |       |     4 |    38 ||    42
